AoeStats
← [PVS] SpartacoUsd

African Clearing

510426262Analyzed
4v4 RM · 2d ago on Oct 1, 2026· 36m 41s· 8 players
Game mode
Random Map
Map size
Large (8 player)
Population
200
Speed
Normal
Resources
Standard
Victory
Conquest
Starting age
Dark Age
Ending age
Imperial Age
RankedLock teamsTeams togetherTeam positionsShared explorationLock speedFull tech treeHidden civsTurbo modeCheats
Victory
Defeat
🇨🇱 Tupi · Chile
1318
+6
🇵🇪 Romans · Peru
1088
+14
🇨🇱 Vietnamese · Chile
1035
+16
🇨🇱 Japanese · Chile
869
+21
🇨🇱 Franks · Chile
1060
-15
🇮🇳 Khmer · India
1048
-15
🇲🇽 Saracens · Mexico
1024
-14
🇨🇦 Danes · Canada
1012
-13
nchan55
9:58 Loom
13:25 Feudal Age
18:27 Castle Age
18:27 Bloodlines
18:18 Gold Mining
18:25 Double-Bit Axe
24:43 Scale Barding Armor
26:18 Forging
30:33 Fletching
31:23 Bodkin Arrow
31:52 Ballistics
31:41 Elite Skirmisher
32:27 Padded Archer Armor
Embatlemage67
10:27 Loom
15:33 Feudal Age
16:34 Double-Bit Axe
16:32 Horse Collar
22:38 Castle Age
24:26 Fletching
30:37 Bow Saw
31:05 Wheelbarrow
Swordfish
7:43 Loom
23:26 Feudal Age
28:10 Castle Age
28:43 Double-Bit Axe
29:07 Horse Collar
30:45 Wheelbarrow
32:53 Hand Cart
33:02 Bow Saw
rubenb
5:56 Loom
13:31 Feudal Age
18:43 Double-Bit Axe
22:20 Castle Age
26:47 Bow Saw
28:43 Forging
30:07 Scale Mail Armor
31:54 Chain Mail Armor
33:32 Iron Casting
33:35 Husbandry
34:50 Scale Barding Armor
35:52 Chain Barding Armor
[PVS] Manu_X
4:59 Loom
14:10 Feudal Age
15:23 Double-Bit Axe
15:24 Horse Collar
24:24 Bloodlines
24:43 Scale Barding Armor
25:35 Wheelbarrow
29:18 Castle Age
27:45 Forging
27:51 Town Watch
30:12 Gold Mining
30:31 Heavy Plow
32:20 Chain Barding Armor
34:52 Husbandry
35:34 Chatras
[PVS] bieldan
12:15 Feudal Age
11:09 Loom
16:22 Castle Age
15:10 Horse Collar
15:17 Double-Bit Axe
16:38 Fletching
20:32 Bodkin Arrow
27:00 Horse Collar
31:51 Ballistics
36:48 Imperial Age
36:03 Bow Saw
35:53 Heavy Plow
[PVS] SpartacoUsd
6:38 Loom
14:49 Feudal Age
14:52 Man-at-Arms
16:12 Scale Mail Armor
19:24 Fletching
20:16 Double-Bit Axe
26:21 Castle Age
26:26 Pikeman
27:08 Squires
35:24 Gold Mining
35:45 Stone Mining
Komugii
6:00 Loom
12:54 Feudal Age
13:30 Double-Bit Axe
14:37 Horse Collar
20:53 Castle Age
21:41 Heavy Plow
21:59 Bow Saw
22:37 Heavy Plow
23:23 Stone Mining
30:02 Pikeman
31:29 Wheelbarrow
30:41 Town Watch
30:58 Murder Holes
31:58 Scale Mail Armor
35:14 Imperial Age
33:17 Gold Mining
34:02 Hand Cart
33:48 Town Patrol
34:10 Chain Mail Armor
34:46 Gambesons
35:14 Forging
36:01 Gold Shaft Mining
36:14 Ballistics
37:11 Two-Man Saw
36:53 Iron Casting
36:57 Conscription
Connection lost

Rejoining the realm…

Still unreachable

The connection could not be restored.

Session expired

The server has moved on; the page needs a fresh start.